 Dungeon Crawl Stone Soup version 0.28.0-43-g3370ac3207 (webtiles) character file.

Game seed: 8860877679681682522

144 silky the Cudgeller (level 5, 0/48 HPs)
             Began as a Minotaur Chaos Knight on Mar 30, 2022.
             Was a Plaything of Xom.
             Slain by a gnoll shaman
             ... wielding a +0 club
              (4 damage)
             ... on level 3 of the Dungeon.
             The game lasted 00:04:29 (2016 turns).

silky the Cudgeller (Minotaur Chaos Knight)         Turns: 2016, Time: 00:04:30

Health: 0/48       AC:  5    Str: 18    XL:     5   Next: 5%
Magic:  4/4        EV: 11    Int:  9    God:    Xom [*.....]
Gold:   122        SH:  0    Dex: 10    Spells: 4/4 levels left

rFire   . . .      SeeInvis .   a - +0 mace (chaos)
rCold   . . .      Faith    .   (no shield)
rNeg    . . .      Spirit   .   b - +2 leather armour
rPois   .          Reflect  .   (helmet restricted)
rElec   .          Harm     .   (no cloak)
rCorr   .          Rampage  .   (no gloves)
Will    .....                   (no boots)
Stlth   +.........              (no amulet)
HPRegen 0.16/turn               (no ring)
MPRegen 0.09/turn               (no ring)

@: no status effects
A: horns 2, retaliatory headbutt
a: Renounce Religion


You were on level 3 of the Dungeon.
You worshipped Xom.
You were a special plaything of Xom.
You visited 1 branch of the dungeon, and saw 3 of its levels.

You collected 122 gold pieces.

Inventory:

Hand Weapons
 a - a +0 mace of chaos (weapon)
Missiles
 j - a throwing net (quivered)
Armour
 b - a +2 leather armour (worn)
Jewellery
 i - a ring of ice
 l - a ring of willpower
Scrolls
 e - a scroll of silence {unknown}
 f - a scroll of summoning
 n - a scroll of enchant weapon {unknown}
 o - a scroll of immolation {unknown}
Potions
 c - a potion of resistance {unknown}
 d - a potion of curing {unknown}
 g - a potion of lignification
 h - a potion of might {unknown}
 m - a potion of haste {unknown}


   Skills:
 + Level 5.1 Fighting
 + Level 5.2 Maces & Flails
 + Level 3.0 Armour
 + Level 1.9 Dodging
 + Level 0.5 Stealth


You had 4 spell levels left.
You didn't know any spells.
Your spell library was empty.

Dungeon Overview and Level Annotations

Branches:
Dungeon (3/15)

Altars:

Shops:
D:2 =


Innate Abilities, Weirdness & Mutations

You have a pair of horns on your head.
You reflexively headbutt those who attack you in melee.


Message History

You barely miss the gnoll. Your headbutt misses the gnoll.
The gnoll closely misses you. The gnoll hits you with a +0 club.
The gnoll hits you with a +0 spear.
You sock the gnoll! Lightning courses through the gnoll!
You kill the gnoll!
The gnoll hits you with a +0 club.
The gnoll hits you from afar with a +0 spear.
You have reached level 5!
You closely miss the gnoll shaman. Your headbutt misses the gnoll shaman.
The gnoll hits you but does no damage.
The gnoll shaman hits you with a +0 club.
You hit the gnoll shaman.
The gnoll shaman is poisoned.
You headbutt the gnoll shaman, but do no damage.
The gnoll shaman is lightly wounded.
The gnoll hits you from afar with a +0 spear.
The gnoll closely misses you. The gnoll shaman barely misses you.
You barely miss the gnoll shaman.
The gnoll shaman is moderately wounded.
The gnoll barely misses you.
The gnoll shaman hits you with a +0 club!
The gnoll hits you from afar with a +0 spear.
* * * LOW HITPOINT WARNING * * *
You hit the gnoll shaman.
The gnoll shaman goes berserk!
Your headbutt misses the gnoll shaman.
The gnoll shaman is heavily wounded.
The gnoll shaman misses you.
The gnoll hits you from afar with a +0 spear.
* * * LOW HITPOINT WARNING * * *
The gnoll shaman hits you with a +0 club.
* * * LOW HITPOINT WARNING * * *
As you read the scroll labelled WOUHER AQOPI, it crumbles to dust.
Your body is wracked with pain!
* * * LOW HITPOINT WARNING * * *
The gnoll shaman convulses!
The gnoll convulses! x3
It was a scroll of torment.
Xom is highly amused!
The gnoll hits you but does no damage.
The gnoll shaman hits you with a +0 club.
You die...
Xom is highly amused! .# .# .# .# ##g# #gg

#g# # #####
#@##.# #....
#.)..# #.###
#.#### #.##.
#.# #.##.
##.## ######
##...#####..
..#
#..#.......#
#.#
##...#####...
#.# ##.##
#.###.####


You could see a gnoll shaman (berserk, poisoned) and 3 gnolls.

Vanquished Creatures
  A bullfrog skeleton (D:3)
  An adder (D:2)
  4 gnolls (D:3)
  3 worms (D:2)
  2 dart slugs (D:2)
  An orc (D:3)
  3 endoplasms
  A giant cockroach (D:1)
  7 goblins
  4 hobgoblins (D:3)
  7 jackals
  2 quokkas
  4 ball pythons
  3 bats (D:1)
  2 frilled lizards (D:2)
  5 kobolds
  4 rats
54 creatures vanquished.

Notes
Turn   | Place    | Note
-------+----------+-------------------------------------------
     0 | D:1      | silky the Minotaur Chaos Knight began the quest for the
                  | Orb.
     0 | D:1      | Reached XP level 1. HP: 19/19 MP: 0/0
     8 | D:1      | XOM: silly message
    50 | D:1      | Reached XP level 2. HP: 27/27 MP: 1/1
    69 | D:1      | Found a faded altar of an unknown god.
   114 | D:1      | XOM: divination: detect items
   360 | D:1      | XOM: smoke on damage
   654 | D:2      | Reached XP level 3. HP: 34/34 MP: 2/2
   659 | D:2      | XOM: divination: detect creatures
   682 | D:2      | XOM: potion effect (curing)
   955 | D:2      | XOM: divination: detect items
   963 | D:2      | XOM: silly message
  1424 | D:2      | Found Iqucead's Jewellery Shoppe.
  1573 | D:3      | Reached XP level 4. HP: 36/41 MP: 3/3
  1873 | D:3      | XOM: potion effect (invisibility)
  1882 | D:3      | Reached skill level 5 in Fighting
  1885 | D:3      | Reached skill level 5 in Maces & Flails
  2012 | D:3      | Reached XP level 5. HP: 32/48 MP: 4/4
  2016 | D:3      | Slain by a gnoll shaman

Illustrated notes

Levels and vault maps discovered:
D:1:      dpeg_arrival_stonehenge_8_columns, layout_rooms,
          ebering_ecumenical_altar_rust
D:2:      layout_basic, serial_shops, shop_fountains
D:3:      layout_loops_cross, lemuel_tele_altar, serial_co_window_serial,
          co_window_paths_b, co_window_cross_1, co_window_corner_a,
          co_window_paths_b, co_window_paths_b, co_window_unsneaky_path_a,
          co_window_2corner, co_window_2corner, co_window_paths_c,
          co_window_4corner_b, co_window_paths_d, glass_columns_c,
          glass_columns_b, serial_shops, shop, minmay_misc_feat_tower,
          grunt_decor_cap

Skill      XL: |  1  2  3  4 |
---------------+-------------+-----
Fighting       | 4 5 |  5.1
Maces & Flails | 4 5 |  5.2
Armour         | 3 |  3.0
Dodging        | |  1.9
Stealth        | |  0.5

Action                   |  1- 3 |  4- 6 || total
-------------------------+-------+-------++-------
Melee: Mace              |    83 |    28 ||   111
       Headbutt          |    10 |     5 ||    15
  Use: Scroll            |     1 |     1 ||     2
       Potion            |       |     1 ||     1
 Stab: Invisible         |       |     1 ||     1
Armor: Leather armour    |    42 |     7 ||    49
Dodge: Dodged            |    66 |    21 ||    87
